 Dungeon Crawl Stone Soup version 0.21.1-1-g345015fe64 (webtiles) character file.

12166 Peloso the Carver (level 11, -7/97 HPs)
             Began as a Minotaur Fighter on July 14, 2018.
             Was a High Priest of Okawaru.
             Mangled by an ice devil (21 damage)
             ... on level 12 of the Dungeon.
             The game lasted 00:25:24 (11391 turns).

Peloso the Carver (Minotaur Fighter)               Turns: 11391, Time: 00:25:24

Health: -7/97      AC: 17    Str: 22    XL:     11   Next: 58%
Magic:  11/11      EV:  5    Int:  5    God:    Okawaru [*****.]
Gold:   884        SH: 19    Dex: 12    Spells: 10/10 levels left

rFire    . . .     SeeInvis .   a - +2 scimitar
rCold    . . .     Gourm    +   B - +1 large shield {rPois}
rNeg     . . .     Faith    .   b - +0 plate armour
rPois    +         Spirit   .   (helmet restricted)
rElec    .         Reflect  .   n - +0 cloak
rCorr    .         Harm     .   (no gloves)
MR       .....                  y - +0 pair of boots
Stlth    ..........             z - amulet of the gourmand
HPRegen  0.26/turn              x - ring of wizardry
MPRegen  0.12/turn              (no ring)

@: no status effects
A: retaliatory headbutt, horns 2
a: Heroism, Finesse, Renounce Religion


You were on level 12 of the Dungeon.
You worshipped Okawaru.
Okawaru was extremely pleased with you.
You were very full.

You visited 2 branches of the dungeon, and saw 13 of its levels.
You also visited: Ossuary.

You collected 1034 gold pieces.
You spent 150 gold pieces at shops.

Inventory:

Hand Weapons
 a - a +2 scimitar (weapon)
Armour
 b - a +0 plate armour (worn)
 c - a +2 large shield of protection
 n - a +0 cloak (worn)
 y - a +0 pair of boots (worn)
 B - a +1 large shield of poison resistance (worn)
Jewellery
 x - a ring of wizardry (left hand)
 z - an amulet of the gourmand (around neck)
 F - an uncursed amulet of magic regeneration
Wands
 o - a wand of flame (12)
 q - a wand of paralysis (12)
 A - a wand of polymorph (15)
 C - a wand of disintegration (23)
Scrolls
 e - 5 scrolls of teleportation
 g - a scroll of magic mapping
 i - 5 scrolls of fear
 p - 10 scrolls of remove curse
 w - a scroll of summoning {unknown}
 D - a scroll of enchant weapon {unknown}
 E - 2 scrolls of amnesia {unknown}
 I - 3 scrolls of enchant armour
 J - a scroll of identify
 L - a scroll of blinking {unknown}
Potions
 d - 5 potions of might
 h - 2 potions of flight
 j - 9 potions of curing
 k - 2 potions of resistance
 l - a potion of agility
 m - a potion of ambrosia
 r - 4 potions of magic {unknown}
 s - 3 potions of heal wounds
 t - a potion of mutation {unknown}
 u - a potion of degeneration {unknown}
 v - a potion of berserk rage {unknown}
 G - a potion of brilliance {unknown}
Books
 H - the Incunabulum of Execration and Calling
   (You found it on level 9 of the Dungeon)

   Spells                             Type                      Level
   a - Call Imp                       Summoning                    2
   b - Dazzling Spray                 Conjuration/Hexes            3
   c - Call Canine Familiar           Summoning                    3
   d - Malign Gateway                 Summoning/Translocation      7
 K - a Young Poisoner's Handbook

   Spells                             Type                      Level
   a - Sting                          Conjuration/Poison           1
   b - Poisonous Vapours              Poison/Air                   2
   c - Mephitic Cloud                 Conjuration/Poison/Air       3
   d - Olgreb's Toxic Radiance        Poison                       4
   e - Venom Bolt                     Conjuration/Poison           5
Comestibles
 f - 19 rations


   Skills:
 + Level 9.2 Fighting
 + Level 12.7 Long Blades
 + Level 10.6 Armour
 + Level 2.8 Dodging
 + Level 1.4 Stealth
 + Level 12.1 Shields
 + Level 1.3 Evocations


You had 10 spell levels left.
You didn't know any spells.

Dungeon Overview and Level Annotations

Branches:
Dungeon (12/15)            Temple (1/1) D:5            Lair (0/6) D:11
    Orc (0/2) D:11

Altars:
Ashenzari
Cheibriados
Dithmenos
Elyvilon
Fedhas
Gozag
Hepliaklqana
Kikubaaqudgha
Makhleb
Nemelex Xobeh
Okawaru
Qazlal
Ru
Sif Muna
Trog
Uskayaw
Vehumet
Wu Jian
Xom
Yredelemnul
Zin
The Shining One
Lugonu

Shops:
D:4 (   D:5 (   D:11 *

Portals:
Ice
Cave: D:12


Innate Abilities, Weirdness & Mutations

You reflexively headbutt those who attack you in melee.
You have a pair of horns on your head.


Message History

You closely miss the ice devil.
The ice devil is heavily wounded.
You block the ice devil's attack. The ice devil hits you.
The ice devil freezes you!!
Unknown command.
There is an open door here.
You fail to use your ability.
You slash the ice devil! Your headbutt misses the ice devil.
The ice devil is severely wounded.
The ice devil barely misses you. The ice devil hits you.
* * * LOW HITPOINT WARNING * * *
The ice devil freezes you!
* * * LOW HITPOINT WARNING * * *
Unknown command.
You hit the ice devil but do no damage.
The ice devil is severely wounded.
The ice devil hits you.
* * * LOW HITPOINT WARNING * * *
The ice devil freezes you!!
You die...

#.#######.###### #.#
**...#* #.# *.....#***
#########.# ##......,,
#.......#.# ##.#####*
*,*#......# #.#
*,*#.##.### #.#
*,**,*#..## **+**
*,**,*#@4.# **,,,**
*,****#4#+# **,,,,,**
*,*** #...# **,,,,,,,**
*,,,* ##.## *,,,,,,,,,**
*******#.#***,,,,,,,,,+,
*,...,**,,,,,,,,,**
*,....***,,,,,,,**
*.....* **,,,,,**
*..∩..# **,,,**


You could see 2 ice devils.

Vanquished Creatures
  4 two-headed ogres
  An unseen horror (D:11)
  2 trolls
  A slime creature (D:11)
  3 hippogriffs
  Sigmund (D:3)
  3 wyverns (D:11)
  A basilisk (D:11)
  4 yaks (D:11)
  Grum (D:9)
  2 hungry ghosts (D:7)
  A water moccasin (D:10)
  3 phantoms
  A sky beast (D:6)
  A swamp drake (D:11)
  4 orc warriors
  4 ice beasts
  5 ogres
  4 wolves (D:9)
  8 centaurs
  A crocodile (D:11)
  3 big kobolds
  4 bullfrogs
  4 gnoll sergeants (D:11)
  6 scorpions
  10 wights
  3 killer bees
  5 electric eels (D:11)
  3 howler monkeys
  3 crimson imps
  4 hounds
  A quasit (D:11)
  A centaur zombie (D:8)
  A gnoll shaman (D:4)
  3 orc priests
  8 jellies
  A centaur skeleton (D:2)
  4 iguanas
  4 worker ants
  11 orc wizards
  A hound skeleton (D:6)
  8 mummies (Ossuary)
  A howler monkey zombie (D:5)
  A worker ant zombie (D:11)
  14 gnolls
  A howler monkey skeleton (D:4)
  11 adders
  4 shadow imps
  6 oozes
  An adder skeleton (D:5)
  An adder zombie (D:9)
  4 worms
  3 dart slugs
  6 leopard geckos
  30 orcs
  3 ball pythons
  10 bats
  5 giant cockroaches
  17 goblins
  12 hobgoblins
  15 jackals
  3 quokkas
  7 frilled lizards
  2 gnoll zombies (Ossuary)
  4 hobgoblin zombies (Ossuary)
  12 kobolds
  A kobold zombie (Ossuary)
  An orc zombie (Ossuary)
  2 quokka zombies
  3 rats
  A rat zombie (D:6)
324 creatures vanquished.

Notes
Turn   | Place    | Note
-------+----------+-------------------------------------------
     0 | D:1      | Peloso the Minotaur Fighter began the quest for the Orb.
     0 | D:1      | Reached XP level 1. HP: 19/19 MP: 0/0
   102 | D:1      | Reached XP level 2. HP: 27/27 MP: 1/1
   826 | D:1      | Reached XP level 3. HP: 33/33 MP: 2/2
   915 | D:2      | Reached XP level 4. HP: 32/41 MP: 3/3
  1089 | D:2      | Found an ancient bone altar of Kikubaaqudgha.
  1093 | D:2      | Found a blossoming altar of Fedhas.
  1223 | D:2      | Found a shattered altar of Ashenzari.
  1741 | D:2      | Reached XP level 5. HP: 47/47 MP: 4/4
  1754 | D:2      | Reached skill level 5 in Armour
  2515 | D:3      | Noticed Sigmund
  2544 | D:3      | Killed Sigmund
  2544 | D:3      | Reached skill level 1 in Dodging
  2544 | D:3      | Reached XP level 6. HP: 17/53 MP: 5/5
  3468 | D:4      | Found a shattered altar of Ashenzari.
  3485 | D:4      | Reached skill level 5 in Long Blades
  3558 | D:4      | Found Uthedoaho's Weapon Emporium.
  3604 | D:4      | Reached skill level 1 in Stealth
  3652 | D:4      | Found a shadowy altar of Dithmenos.
  3652 | D:4      | Found a hazy altar of Hepliaklqana.
  3665 | D:4      | Reached skill level 5 in Shields
  3768 | D:4      | Reached XP level 7. HP: 48/60 MP: 6/6
  4343 | D:5      | Entered Level 5 of the Dungeon
  4359 | D:5      | Found a staircase to the Ecumenical Temple.
  4378 | D:4      | Reached skill level 5 in Fighting
  4538 | Temple   | Entered the Ecumenical Temple
  4724 | D:5      | Reached XP level 8. HP: 50/70 MP: 7/7
  5022 | D:5      | Found Iwnek's Weapon Shop.
  5193 | D:6      | Found a sacrificial altar of Ru.
  5211 | D:6      | Found a sand-covered staircase.
  5223 | D:6      | Found a glowing silver altar of Zin.
  5233 | Ossuary  | Entered an ossuary
  5885 | D:6      | Reached XP level 9. HP: 59/77 MP: 8/8
  6357 | D:7      | Found a blossoming altar of Fedhas.
  6770 | D:7      | Found a burning altar of Makhleb.
  6771 | D:7      | Found a shimmering altar of Xom.
  6941 | D:7      | Noticed a two-headed ogre
  6952 | D:7      | Killed a two-headed ogre
  7481 | D:8      | Reached skill level 10 in Long Blades
  7506 | D:8      | Found an ornate altar of the Wu Jian Council.
  7533 | D:8      | Found an iron altar of Okawaru.
  7546 | D:8      | Reached XP level 10. HP: 86/86 MP: 9/9
  7553 | D:8      | Became a worshipper of Warmaster Okawaru
  7760 | D:8      | Found a glowing golden altar of the Shining One.
  7762 | D:8      | Found a stormy altar of Qazlal.
  7827 | D:8      | Noticed a two-headed ogre
  7834 | D:8      | Killed a two-headed ogre
  7834 | D:8      | Reached * piety under Okawaru
  7834 | D:8      | Reached skill level 10 in Shields
  8232 | D:9      | Noticed Grum
  8255 | D:9      | Killed Grum
  8775 | D:9      | Reached ** piety under Okawaru
  8845 | D:9      | Found a stormy altar of Qazlal.
  9043 | D:9      | Identified the Incunabulum of Execration and Calling
  9061 | D:9      | Found a snail-covered altar of Cheibriados.
  9212 | D:10     | Entered Level 10 of the Dungeon
  9393 | D:10     | Noticed a two-headed ogre
  9407 | D:10     | Killed a two-headed ogre
  9407 | D:10     | Reached *** piety under Okawaru
  9611 | D:11     | Found Nag Mio's General Store.
  9616 | D:11     | Reached XP level 11. HP: 95/95 MP: 10/10
  9620 | D:11     | Bought a scroll of enchant armour for 90 gold pieces
  9620 | D:11     | Bought a potion of heal wounds for 60 gold pieces
  9795 | D:11     | Killed an unseen horror
  9795 | D:11     | Reached **** piety under Okawaru
 10122 | D:11     | Reached skill level 10 in Armour
 10287 | D:11     | Found a staircase to the Lair.
 10306 | D:11     | Reached skill level 1 in Evocations
 10491 | D:11     | Found a staircase to the Orcish Mines.
 10826 | D:11     | Noticed a two-headed ogre
 10841 | D:11     | Killed a two-headed ogre
 10841 | D:11     | Reached ***** piety under Okawaru
 11376 | D:12     | Found a frozen archway.
 11391 | D:12     | Mangled by an ice devil

Skill      XL: |  1  2  3  4  5  6  7  8  9 10 11 |
---------------+----------------------------------+-----
Armour         | 4 5 6 7 8 9 10 | 10.6
Fighting       | 4 5 6 7 8 9 |  9.2
Shields        | 4 5 7 9 11 12 | 12.1
Long Blades    | 3 4 5 6 8 10 11 12 | 12.7
Dodging        | 1 2 |  2.8
Stealth        | 1 |  1.4
Evocations     | 1 |  1.3

Action                   |  1- 3 |  4- 6 |  7- 9 | 10-12 || total
-------------------------+-------+-------+-------+-------++-------
Melee: Long sword        |    66 |   180 |   327 |       ||   573
       Headbutt          |     5 |    35 |    96 |   100 ||   236
       Scimitar          |       |       |    83 |   421 ||   504
Evoke: Wand              |       |       |       |    12 ||    12
  Use: Scroll            |       |       |     6 |     7 ||    13
       Potion            |       |       |     1 |     1 ||     2
  Eat: Chunk             |       |     9 |    15 |    22 ||    46
       Ration            |       |       |     1 |       ||     1
Armor: Scale mail        |    20 |    48 |       |       ||    68
       Plate armour      |       |    22 |   219 |   170 ||   411
Dodge: Dodged            |    11 |    52 |    53 |    57 ||   173
Block: Shield            |    33 |    82 |    75 |       ||   190
       Large shield      |       |       |   298 |   380 ||   678
       Rpst.: Long sword |       |    16 |    11 |       ||    27
       Scimitar          |       |       |       |    16 ||    16
